 Dungeon Crawl Stone Soup version 0.26-a0-682-g294304f6e8 (webtiles) character file.

Game seed: 14093953212907113769

14002 DogServant the Grappler (level 11, -7/95 HPs)
             Began as a Grey Draconian Transmuter on Oct 21, 2020.
             Was an Initiate of Ru.
             Mangled by a ten-headed hydra (11 damage)
             ... on level 1 of the Lair of Beasts.
             The game lasted 00:23:52 (11997 turns).

DogServant the Grappler (DrTm)                     Turns: 11997, Time: 00:23:52

Health: -7/95      AC: 13    Str: 15    XL:     11   Next: 83%
Magic:  10/14      EV: 17    Int: 14    God:    Ru [......]
Gold:   642        SH:  0    Dex: 12    Spells: 3/14 levels left

rFire    + . .     SeeInvis +     - Unarmed
rCold    . . .     Faith    .   (shield currently unavailable)
rNeg     . . .     Spirit   .   (armour unavailable)
rPois    .         Reflect  .   x - +0 hat {SInv}
rElec    .         Harm     .   c - +0 cloak
rCorr    .         Rampage  .   (gloves currently unavailable)
MR       .....                  (no boots)
Stlth    +.........             (no amulet)
HPRegen  0.25/turn              i - ring of protection from fire
MPRegen  0.14/turn              (no ring)

@: blade hands (expiring)
A: walk through water, unfitting armour, screaming 1, unbreathing, cold-blooded,
AC +12
a: End Transformation, Renounce Religion


You were on level 1 of the Lair of Beasts.
You worshipped Ru.
Ru was noncommittal.
You had blades for hands.
You visited 2 branches of the dungeon, and saw 11 of its levels.

You collected 642 gold pieces.

Inventory:

Hand Weapons
 o - a +3 whip of venom
Missiles
 d - a javelin
Armour
 c - a +0 cloak (worn)
 p - a +0 buckler
 t - a +0 pair of gloves (melded)
 x - a +0 hat of see invisible (worn)
Jewellery
 i - a ring of protection from fire (left scythe-like blade)
 v - an uncursed amulet of faith {unknown}
 B - a +6 ring of intelligence {unknown}
 E - an uncursed ring of resist corrosion
Wands
 q - a wand of digging (10)
 z - a wand of polymorph (9)
 A - a wand of acid (10) (quivered)
 D - a wand of flame (10)
Scrolls
 b - 6 scrolls of identify
 f - a scroll of teleportation
 h - 4 scrolls of enchant armour
 j - 2 scrolls of amnesia
 k - 4 scrolls of remove curse
 l - 2 scrolls of fear
 n - a scroll of fog
 s - a scroll of blinking {unknown}
 u - a scroll of random uselessness {unknown}
 w - a scroll of noise {unknown}
 y - 2 scrolls of enchant weapon
 C - a scroll of magic mapping {unknown}
Potions
 a - 4 potions of stabbing
 e - 3 potions of mutation {unknown}
 g - a potion of degeneration {unknown}
 m - 4 potions of curing
 r - 2 potions of magic {unknown}
 F - a potion of might


   Skills:
 + Level 8.3 Fighting
 - Level 9.0 Dodging
 + Level 11.3 Unarmed Combat
 - Level 2.0 Spellcasting
 - Level 10.2 Transmutations
 - Level 2.0 Poison Magic


You had 3 spell levels left.
You knew the following spells:

 Your Spells              Type           Power        Failure   Level
a - Beastly Appendage     Tmut           ####..       11%         1
b - Wereblood             Tmut           ####....     12%         2
c - Spider Form           Tmut/Pois      ###.......   36%         3
d - Blade Hands           Tmut           ####......   45%         5

Your spell library contained the following spells:

 Spells                   Type           Power        Failure   Level
 Corona                   Hex            #......      67%         1
 Summon Small Mammal      Summ           #...         67%         1
 Call Imp                 Summ           #.......     77%         2
 Slow                     Hex            #.......     77%         2
 Call Canine Familiar     Summ           #.......     90%         3
 Inner Flame              Hex/Fire       #.......     90%         3
 Portal Projectile        Hex/Tloc       #.....       90%         3
 Summon Guardian Golem    Hex/Summ       #.......     90%         3
 Ice Form                 Ice/Tmut       ###.....     71%         4
 Cause Fear               Hex            #.........   99%         4
 Leda's Liquefaction      Hex/Erth       #.........   99%         4
 Summon Ice Beast         Ice/Summ       #.......     99%         4
 Summon Lightning Spire   Summ/Air       #.......     99%         4


Dungeon Overview and Level Annotations

Branches:
Dungeon (10/15)            Temple (0/1) D:4            Lair (1/6) D:10
    Orc (0/2) D:9

Altars:
Ashenzari
Fedhas
Kikubaaqudgha
Makhleb
Nemelex Xobeh
Qazlal
Ru
Sif Muna
Trog
Uskayaw
Yredelemnul
Zin
The Shining One


Innate Abilities, Weirdness & Mutations

You can walk through water.
Your dull iron-grey scales are very hard. (AC +12)
You cannot fit into any form of body armour.
You occasionally shout uncontrollably at your foes.
You can survive without breathing.
You are cold-blooded and may be slowed by cold attacks.


Message History

The eight-headed hydra bites you but does no damage.
You hack one of the eight-headed hydra's heads off!
The seven-headed hydra grows two more!
You hit the nine-headed hydra.
The nine-headed hydra is severely wounded.
The nine-headed hydra bites you but does no damage. x3
The nine-headed hydra bites you.
* * * LOW HITPOINT WARNING * * *
The nine-headed hydra bites you!
* * * LOW HITPOINT WARNING * * *
The nine-headed hydra barely misses you.
The nine-headed hydra bites you but does no damage.
The nine-headed hydra bites you!
* * * LOW HITPOINT WARNING * * *
The nine-headed hydra barely misses you.
You hack one of the nine-headed hydra's heads off!
The eight-headed hydra grows two more!
You slash the ten-headed hydra!
The ten-headed hydra is severely wounded.
The ten-headed hydra bites you but does no damage. x4
The ten-headed hydra bites you!
You die...

........... #.........
#........ #+ #........
#.# ###..#### .. #..# #.
#..### #####.#+###
#....# #.....@...###
#####'## #.....D..'..##
#.....#.
#P.........#..###.###...
##........#.#...'...#.#.
#..>.....#######.#...#.
#........# #.......
#........# #.^#.##.
#...###### #.....#. ##..
##..P#†#


You could see a ten-headed hydra (corroded).

Vanquished Creatures
  Gastronok (D:8)
  Erolcha (D:9)
  Erica (D:8)
  2 skeletal warriors (D:9)
  Pikel (D:4)
  Maggie (D:10)
  A cane toad (Lair:1)
  A komodo dragon (D:8)
  2 trolls
  A hornet (D:8)
  2 shadows (D:9)
  3 wraiths (D:9)
  4 flying skulls (D:9)
  5 yaks (D:5)
  Eustachio (D:5)
  Duvessa (D:5)
  4 black bears
  2 ice beasts
  6 ogres
  6 orc warriors
  3 phantoms
  3 centaurs
  A lemure (D:4)
  6 big kobolds
  9 bullfrogs
  A wyvern skeleton (D:9)
  3 scorpions
  Dowan (D:5)
  9 killer bees
  8 wights
  2 howler monkeys (D:8)
  A hound (D:9)
  A quasit (D:7)
  A bullfrog zombie (D:5)
  Crazy Yiuf (D:3)
  5 bullfrog skeletons
  3 jellies
  5 orc priests
  9 orc wizards
  4 centaur skeletons
  7 hell rats (Lair:1)
  3 iguanas
  5 worker ants
  A killer bee zombie (D:9)
  2 hound skeletons
  3 worker ant zombies
  2 howler monkey zombies (D:9)
  7 gnolls
  6 adders
  2 shadow imps
  4 white imps
  3 ufetubi
  3 adder skeletons (D:9)
  2 adder zombies
  3 worms
  A dart slug (D:1)
  7 leopard geckos
  35 orcs
  5 giant cockroaches
  9 goblins
  4 hobgoblins
  12 jackals
  32 kobolds
  2 quokkas
  A ball python (D:3)
  7 bats
  7 frilled lizards
  2 quokka skeletons (D:9)
  6 rats
305 creatures vanquished.

Vanquished Creatures (others)
  A kobold (D:10)
  A fungus (Lair:1)
  5 plants
  A withered plant (D:5)
8 creatures vanquished.

Grand Total: 313 creatures vanquished

Notes
Turn   | Place    | Note
-------+----------+-------------------------------------------
     0 | D:1      | DogServant the Draconian Transmuter began the quest for the
                  | Orb.
     0 | D:1      | Reached XP level 1. HP: 16/16 MP: 3/3
    14 | D:1      | Reached XP level 2. HP: 24/24 MP: 3/5
   175 | D:1      | Reached XP level 3. HP: 22/30 MP: 6/6
  1224 | D:2      | Reached skill level 4 in Unarmed Combat
  1265 | D:2      | Found a basalt altar of Yredelemnul.
  1270 | D:2      | Found a sacrificial altar of Ru.
  1294 | D:2      | Found a stormy altar of Qazlal.
  1310 | D:2      | Became a worshipper of Ru the Awakened
  1392 | D:2      | Reached XP level 4. HP: 33/38 MP: 5/7
  1759 | D:2      | Found a shimmering blue altar of Sif Muna.
  1816 | D:2      | Learned a level 2 spell: Wereblood
  1820 | D:2      | Learned a level 3 spell: Spider Form
  2394 | D:3      | Reached XP level 5. HP: 38/45 MP: 5/8
  2681 | D:3      | Noticed an ice beast
  2698 | D:4      | Found a staircase to the Ecumenical Temple.
  2740 | D:4      | Noticed a lemure
  2755 | D:4      | Killed a lemure
  2984 | D:4      | Noticed a lemure
  2984 | D:4      | Noticed a lemure
  2988 | D:4      | Noticed a lemure
  2989 | D:4      | Noticed Pikel
  3090 | D:4      | Reached skill level 5 in Unarmed Combat
  3131 | D:5      | Entered Level 5 of the Dungeon
  3135 | D:5      | Noticed a phantom
  3169 | D:5      | Killed a phantom
  3169 | D:5      | Reached XP level 6. HP: 13/51 MP: 7/9
  3440 | D:5      | Gained mutation: You occasionally shout uncontrollably at
                  | your foes. [Ru sacrifice]
  3785 | D:5      | Reached skill level 6 in Unarmed Combat
  3785 | D:5      | Your scales start taking on a dull iron-grey colour.
  3785 | D:5      | Reached XP level 7. HP: 57/57 MP: 10/10
  3785 | D:5      | Gained mutation: You can survive without breathing. [Grey
                  | Draconian growth]
  3873 | D:5      | Reached skill level 5 in Transmutations
  4307 | D:5      | Noticed Eustachio
  4334 | D:5      | Killed Eustachio
  4334 | D:5      | Reached skill level 1 in Poison Magic
  4362 | D:5      | Reached skill level 7 in Unarmed Combat
  4527 | D:5      | Found an ancient bone altar of Kikubaaqudgha.
  4529 | D:5      | Noticed a yak
  4659 | D:4      | Killed Pikel
  4659 | D:4      | Reached skill level 8 in Unarmed Combat
  4659 | D:4      | Reached XP level 8. HP: 43/63 MP: 11/11
  4861 | D:4      | Found a stormy altar of Qazlal.
  4862 | D:4      | Found a bloodstained altar of Trog.
  4862 | D:4      | Found a broken altar of Ashenzari.
  4917 | D:4      | Found a glowing silver altar of Zin.
  5123 | D:3      | Found a runed translucent door.
  5124 | D:3      | Noticed Crazy Yiuf
  5231 | D:3      | Killed Crazy Yiuf
  5231 | D:3      | Reached skill level 9 in Unarmed Combat
  5343 | D:5      | Reached skill level 10 in Unarmed Combat
  5343 | D:5      | Reached XP level 9. HP: 46/69 MP: 8/12
  5376 | D:5      | Learned a level 5 spell: Blade Hands
  5469 | D:5      | Noticed Dowan
  5480 | D:5      | Killed Dowan
  5487 | D:5      | Noticed Duvessa
  5505 | D:5      | Killed Duvessa
  5795 | D:5      | Found a blossoming altar of Fedhas.
  6795 | D:7      | Noticed a +0 dagger
  6795 | D:7      | Noticed a +0 hand axe
  6796 | D:7      | Found a hide-covered altar of Uskayaw.
  6829 | D:7      | Reached skill level 5 in Fighting
  7074 | D:7      | Found a sparkling altar of Nemelex Xobeh.
  7624 | D:8      | Noticed a komodo dragon
  7642 | D:8      | Killed a komodo dragon
  7642 | D:8      | Reached XP level 10. HP: 65/83 MP: 1/13
  7897 | D:8      | Reached skill level 5 in Dodging
  8116 | D:8      | Noticed Gastronok
  8488 | D:8      | Noticed Erica
  8501 | D:8      | Killed Erica
  8678 | D:8      | Found a glowing golden altar of the Shining One.
  8997 | D:9      | Noticed Erolcha
  9005 | D:9      | Killed Erolcha
  9146 | D:9      | Noticed a skeletal warrior
  9148 | D:9      | Reached XP level 11. HP: 36/92 MP: 4/14
  9173 | D:9      | Noticed a skeletal warrior
  9352 | D:8      | Killed Gastronok
  9807 | D:9      | Killed a skeletal warrior
  9809 | D:9      | Killed a skeletal warrior
  9809 | D:9      | Reached skill level 10 in Transmutations
 10339 | D:9      | Found a burning altar of Makhleb.
 10588 | D:9      | Found a staircase to the Orcish Mines.
 10933 | D:10     | Entered Level 10 of the Dungeon
 11388 | D:10     | Reached skill level 11 in Unarmed Combat
 11422 | D:10     | Noticed Maggie
 11435 | D:10     | Killed Maggie
 11497 | D:10     | Found a staircase to the Lair.
 11643 | D:10     | Noticed a two-headed ogre
 11671 | Lair:1   | Entered Level 1 of the Lair of Beasts
 11986 | Lair:1   | Noticed a seven-headed hydra
 11996 | Lair:1   | HP: 3/95 [nine-headed hydra (15)]
 11997 | Lair:1   | Mangled by a ten-headed hydra

Illustrated notes

Levels and vault maps discovered:
D:1:      scummos_arrival_hexagon, layout_loops_ring
D:2:      layout_loops_ring, led_sif_pool, grunt_temple_overflow_open,
          kennysheep_flooded_box
D:3:      layout_rooms, uniq_crazy_yiuf_cottage
D:4:      layout_cave_pools, chequers_temple_overflow_statue_of_worship,
          kennysheep_little_box, minmay_temple_entry_slanted, minmay_between,
          uniq_pikel
D:5:      layout_basic, grunt_temple_overflow_growth_and_decay, uniq_duvessa,
          uniq_eustachio
D:6:      layout_basic
D:7:      layout_basic, dancing_weapons_uskayaw, nemelex_lonely_heart_becter
D:8:      layout_basic, tso_oasis_becter, uniq_gastronok, uniq_erica
D:9:      hangedman_screamer, layout_cave_pools, bloody_makhleb, david_orc_4,
          uniq_erolcha
D:10:     layout_cave_pools, lair_entry_dummy, basic_altar, ebering_ghost_xom,
          uniq_maggie
Lair:1:   layout_roguey, zaba_anthole, kennysheep_snail_temple,
          serial_bayou_shore_b

Skill      XL: |  1  2  3  4  5  6  7  8  9 10 11 |
---------------+----------------------------------+-----
Fighting       | 2 3 6 7 8 |  8.3
Unarmed Combat | 4 5 6 8 10 11 | 11.3
Transmutations | 4 6 7 9 10 | 10.2
Poison Magic   | 2 |  2.0
Dodging        | 4 7 9 |  9.0
Spellcasting   | |  2.0

Action                   |  1- 3 |  4- 6 |  7- 9 | 10-12 || total
-------------------------+-------+-------+-------+-------++-------
Melee: Unarmed           |    66 |       |   147 |   346 ||   559
       Kick              |    15 |     7 |    27 |    13 ||    62
       Headbutt          |     5 |     5 |    27 |     9 ||    46
       Tailslap          |     7 |    16 |    34 |    31 ||    88
       Dagger            |    35 |    57 |       |       ||    92
       Whip              |       |    88 |   189 |       ||   277
       Punch             |       |     2 |    11 |    17 ||    30
Throw: Javelin           |       |     2 |       |       ||     2
 Cast: Beastly Appendage |    18 |     4 |    16 |     7 ||    45
       Wereblood         |       |     2 |     4 |     5 ||    11
       Spider Form       |       |       |     4 |     3 ||     7
       Blade Hands       |       |       |       |    36 ||    36
Invok: Sacrifice Purity  |       |     1 |       |       ||     1
       Reject Sacrifices |       |       |     1 |       ||     1
Evoke: Wand              |       |     1 |     4 |     4 ||     9
  Use: Scroll            |       |     4 |    11 |       ||    15
       Potion            |       |       |     3 |     2 ||     5
Armor: Skin              |    33 |    45 |   140 |   108 ||   326
Dodge: Dodged            |    71 |    99 |   179 |   274 ||   623

Table legend: (Time is in decaauts)
 A = Elapsed time spent in this place.
 B = Non-inter-level travel time spent in this place.
 C = Inter-level travel time spent in this place.
 D = Time resting spent in this place.
 E = Time spent auto-exploring this place.
 F = Levels seen in this place.
 G = Mean time per level.
                   A        B        C        D        E       F      G
               +--------+--------+--------+--------+--------+-----+--------+
         Total |  11942 |  11198 |    744 |   1904 |   7176 |  11 | 1085.6 |
       Dungeon |  11623 |  10879 |    744 |   1904 |   6907 |  10 | 1162.3 |
          Lair |    319 |    319 |      0 |      0 |    269 |   1 |  319.0 |
               +--------+--------+--------+--------+--------+-----+--------+

Top non-repeatable levels by time:
     D:5: 2167 daAuts
     D:9: 1825 daAuts
     D:8: 1239 daAuts
     D:3: 1125 daAuts
     D:7: 1056 daAuts
     D:2: 995 daAuts
     D:1: 936 daAuts
     D:4: 911 daAuts
     D:6: 785 daAuts
    D:10: 579 daAuts
  Lair:1: 319 daAuts
